TOP OF THE 1ST |
Oklahoma City 89ers batting - Pitching for Tulsa Drillers : RHP Jay Baller
|
Pitching: RHP Jay Baller
|
|
Batting: RHB David Green
|
0-0: Called Strike 0-1: Ball 1-1: Fly out, F7 (Flyball, 78XD, EV 88.8 MPH)
|
Batting: RHB John Christensen
|
0-0: Ball 1-0: Foul Ball, location: 2F 1-1: Fly out, F8 (Line Drive, 8LD, EV 85.0 MPH)
|
Batting: LHB Tom O'Malley
|
0-0: Called Strike 0-1: Ball 1-1: SINGLE (Groundball, 34D, EV 99.4 MPH)
|
Batting: RHB Glenn Braggs
|
0-0: Ball 1-0: Ball 2-0: Ball 3-0: Base on Balls Tom O'Malley to second
|
Batting: RHB Cecil Fielder
|
0-0: Called Strike 0-1: Ball 1-1: Fly out, F9 (Flyball, 9, EV 75.6 MPH)
|
Top of the 1st over - 0 runs, 1 hit, 0 errors, 2 left on base; Oklahoma City 0 - Tulsa 0 |
BOTTOM OF THE 1ST |
Tulsa Drillers batting - Pitching for Oklahoma City 89ers : RHP Mike Mendoza
|
Pitching: RHP Mike Mendoza
|
|
Batting: RHB Victor Rios
|
0-0: Called Strike 0-1: Ball 1-1: Ball 2-1: Called Strike 2-2: Strikes out swinging
|
Batting: RHB Nick Belmonte
|
0-0: Swinging Strike 0-1: Called Strike 0-2: Ball 1-2: Ground out 3-1 (Groundball, 34, EV 81.3 MPH)
|
Batting: LHB Mike Pagliarulo
|
0-0: Ball 1-0: Ball 2-0: Fly out, F8 (Flyball, 8LM, EV 87.5 MPH)
|
Bottom of the 1st over - 0 runs, 0 hits, 0 errors, 0 left on base; Oklahoma City 0 - Tulsa 0 |
TOP OF THE 2ND |
Oklahoma City 89ers batting - Pitching for Tulsa Drillers : RHP Jay Baller
|
Batting: RHB Nick Esasky
|
0-0: Foul Ball, location: 2F 0-1: Ball 1-1: SINGLE (Flyball, 8RS, EV 98.1 MPH)
|
Batting: RHB Joe Redfield
|
0-0: Ball Nick Esasky steals 2nd base 1-0: Called Strike 1-1: Ball 2-1: Foul Ball, location: 2F 2-2: Ground out 5-3 (Groundball, 56S, EV 91.3 MPH)
|
Batting: RHB Danny Jasso
|
0-0: Called Strike 0-1: Ground out 4-3 (Groundball, 34, EV 82.5 MPH) Nick Esasky to third
|
Batting: RHB Ron Tingley
|
0-0: Ball 1-0: Foul Ball, location: 2F 1-1: Foul Ball, location: 2F 1-2: Ball 2-2: 2-RUN HOME RUN (Line Drive, 78XD, EV 98.8 MPH), Distance : 422 ft
|
Batting: RHB David Green
|
0-0: Ground out 5-3 (Groundball, 56, EV 85.6 MPH)
|
Top of the 2nd over - 2 runs, 2 hits, 0 errors, 0 left on base; Oklahoma City 2 - Tulsa 0 |
BOTTOM OF THE 2ND |
Tulsa Drillers batting - Pitching for Oklahoma City 89ers : RHP Mike Mendoza
|
Batting: LHB Jim Adduci
|
0-0: Ball 1-0: Foul Ball, location: 2F 1-1: SINGLE (Groundball, 34D, EV 108.1 MPH)
|
Batting: SHB Luis Quinones
|
0-0: Ball 1-0: Swinging Strike 1-1: Foul Ball, location: 2F 1-2: Foul Ball, location: 2F 1-2: Fielders Choice at 2nd, 4-6 (Groundball, 4MD, EV 84.4 MPH)
|
Batting: RHB Bob Grandas
|
0-0: Called Strike Luis Quinones steals 2nd base (no throw) 0-1: Foul Ball, location: 2F 0-2: Foul Ball, location: 2F 0-2: Ground out U3 (Groundball, 34, EV 84.4 MPH) Luis Quinones to third
|
Batting: LHB Randy Braun
|
0-0: Ball 1-0: Foul Ball, location: 2F 1-1: Fly out, F8 (Flyball, 8LS, EV 95.6 MPH)
|
Bottom of the 2nd over - 0 runs, 1 hit, 0 errors, 1 left on base; Oklahoma City 2 - Tulsa 0 |
TOP OF THE 3RD |
Oklahoma City 89ers batting - Pitching for Tulsa Drillers : RHP Jay Baller
|
Batting: RHB John Christensen
|
0-0: Ground out 1-3 (Groundball, 13S, EV 65.0 MPH)
|
Batting: LHB Tom O'Malley
|
0-0: Swinging Strike 0-1: Ball 1-1: Ball 2-1: Ball 3-1: Base on Balls
|
Batting: RHB Glenn Braggs
|
0-0: Called Strike 0-1: Ball 1-1: Called Strike 1-2: Ball 2-2: Foul Ball, location: 2F 2-2: Strikes out swinging
|
Batting: RHB Cecil Fielder
|
0-0: Ball 1-0: Fielders Choice at 2nd, 6-4 (Groundball, 6, EV 76.3 MPH)
|
Top of the 3rd over - 0 runs, 0 hits, 0 errors, 1 left on base; Oklahoma City 2 - Tulsa 0 |
BOTTOM OF THE 3RD |
Tulsa Drillers batting - Pitching for Oklahoma City 89ers : RHP Mike Mendoza
|
Batting: RHB Bob E Johnson
|
0-0: Swinging Strike 0-1: Foul Ball, location: 2F 0-2: Foul Ball, location: 2F 0-2: Ball 1-2: Strikes out looking
|
Batting: RHB Michael Johnson
|
0-0: Ground out 6-3 (Groundball, 6S, EV 71.9 MPH)
|
Batting: RHB Victor Rios
|
0-0: Fly out, F5 (Line Drive, 5, EV 72.5 MPH)
|
Bottom of the 3rd over - 0 runs, 0 hits, 0 errors, 0 left on base; Oklahoma City 2 - Tulsa 0 |
TOP OF THE 4TH |
Oklahoma City 89ers batting - Pitching for Tulsa Drillers : RHP Jay Baller
|
Batting: RHB Nick Esasky
|
0-0: Ball 1-0: Swinging Strike 1-1: Foul Ball, location: 2F 1-2: Strikes out swinging
|
Batting: RHB Joe Redfield
|
0-0: Foul Ball, location: 2F 0-1: Foul Ball, location: 2F 0-2: Ball 1-2: Ball 2-2: DOUBLE (Line Drive, 9LM, EV 105.0 MPH)
|
Batting: RHB Danny Jasso
|
0-0: Ball 1-0: Ball 2-0: Ball 3-0: Called Strike 3-1: Base on Balls
|
Batting: RHB Ron Tingley
|
0-0: Ball Joe Redfield is caught stealing 3rd base 2-5 Danny Jasso to second 1-0: 2-RUN HOME RUN (Flyball, 7LD, EV 113.1 MPH), Distance : 349 ft
|
Batting: RHB David Green
|
0-0: Called Strike 0-1: Swinging Strike 0-2: Fly out, F8 (Flyball, 8RD, EV 87.5 MPH)
|
Top of the 4th over - 2 runs, 2 hits, 0 errors, 0 left on base; Oklahoma City 4 - Tulsa 0 |
BOTTOM OF THE 4TH |
Tulsa Drillers batting - Pitching for Oklahoma City 89ers : RHP Mike Mendoza
|
Batting: RHB Nick Belmonte
|
0-0: Called Strike 0-1: Ball 1-1: Ball 2-1: Called Strike 2-2: Fly out, F4 (Popup, 4S, EV 71.9 MPH)
|
Batting: LHB Mike Pagliarulo
|
0-0: Ball 1-0: Ball 2-0: Called Strike 2-1: Foul Ball, location: 2F 2-2: Strikes out looking
|
Batting: LHB Jim Adduci
|
0-0: Ball 1-0: Ball 2-0: Called Strike 2-1: Ball 3-1: Swinging Strike 3-2: Base on Balls
|
Batting: SHB Luis Quinones
|
0-0: Ball 1-0: Swinging Strike 1-1: Ball 2-1: Hit by Pitch Jim Adduci to second
|
Batting: RHB Bob Grandas
|
0-0: Called Strike 0-1: Ball 1-1: Swinging Strike 1-2: Foul Ball, location: 2F 1-2: Foul Ball, location: 2F 1-2: Strikes out looking
|
Bottom of the 4th over - 0 runs, 0 hits, 0 errors, 2 left on base; Oklahoma City 4 - Tulsa 0 |
TOP OF THE 5TH |
Oklahoma City 89ers batting - Pitching for Tulsa Drillers : RHP Jay Baller
|
Batting: RHB John Christensen
|
0-0: Called Strike 0-1: Ball 1-1: Fly out, F7 (Flyball, 7LM, EV 91.3 MPH)
|
Batting: LHB Tom O'Malley
|
0-0: Swinging Strike 0-1: SINGLE (Groundball, 25, EV 61.9 MPH) (infield hit)
|
Batting: RHB Glenn Braggs
|
0-0: Ball 1-0: Foul Ball, location: 2F 1-1: Called Strike 1-2: Fly out, F4 (Popup, 23, EV 86.9 MPH)
|
Batting: RHB Cecil Fielder
|
0-0: Ball 1-0: Swinging Strike 1-1: Ball 2-1: Foul Ball, location: 2F 2-2: Strikes out looking
|
Top of the 5th over - 0 runs, 1 hit, 0 errors, 1 left on base; Oklahoma City 4 - Tulsa 0 |
BOTTOM OF THE 5TH |
Tulsa Drillers batting - Pitching for Oklahoma City 89ers : RHP Mike Mendoza
|
Batting: LHB Randy Braun
|
0-0: Called Strike 0-1: Foul Ball, location: 2F 0-2: Ground out 4-3 (Groundball, 4D, EV 101.3 MPH)
|
Batting: RHB Bob E Johnson
|
0-0: Foul Ball, location: 2F 0-1: Foul Ball, location: 2F 0-2: Strikes out looking
|
Batting: RHB Michael Johnson
|
0-0: SINGLE (Line Drive, 89S, EV 105.6 MPH)
|
Batting: RHB Victor Rios
|
0-0: Foul Ball, location: 2F 0-1: Ball 1-1: Ball 2-1: Ground out 5-3 (Groundball, 56S, EV 61.3 MPH)
|
Bottom of the 5th over - 0 runs, 1 hit, 0 errors, 1 left on base; Oklahoma City 4 - Tulsa 0 |
TOP OF THE 6TH |
Oklahoma City 89ers batting - Pitching for Tulsa Drillers : RHP Jay Baller
|
Batting: RHB Nick Esasky
|
0-0: Ball 1-0: Ball 2-0: Ground out 4-3 (Groundball, 4, EV 81.9 MPH)
|
Batting: RHB Joe Redfield
|
0-0: Foul Ball, location: 2F 0-1: Swinging Strike 0-2: Ball 1-2: Ball 2-2: Ball 3-2: Strikes out looking
|
Batting: RHB Danny Jasso
|
0-0: Called Strike 0-1: Ground out 4-3 (Groundball, 4M, EV 78.8 MPH)
|
Top of the 6th over - 0 runs, 0 hits, 0 errors, 0 left on base; Oklahoma City 4 - Tulsa 0 |
BOTTOM OF THE 6TH |
Tulsa Drillers batting - Pitching for Oklahoma City 89ers : RHP Mike Mendoza
|
Batting: RHB Nick Belmonte
|
0-0: Called Strike 0-1: Foul Ball, location: 2F 0-2: Ball 1-2: Strikes out swinging
|
Batting: LHB Mike Pagliarulo
|
0-0: Ball 1-0: Reached on error, E1 (Groundball, 13S, EV 72.5 MPH)
|
Batting: LHB Jim Adduci
|
Pickoff Throw to First - Out! 1-3 0-0: Ball 1-0: Swinging Strike 1-1: Called Strike 1-2: Strikes out swinging
|
Bottom of the 6th over - 0 runs, 0 hits, 1 error, 0 left on base; Oklahoma City 4 - Tulsa 0 |
TOP OF THE 7TH |
Oklahoma City 89ers batting - Pitching for Tulsa Drillers : RHP Jay Baller
|
Batting: RHB Ron Tingley
|
0-0: Called Strike 0-1: Ball 1-1: Ball 2-1: Ground out 5-3 (Groundball, 56, EV 95.6 MPH)
|
Batting: RHB David Green
|
0-0: Called Strike 0-1: Ball 1-1: Foul Ball, location: 2F 1-2: Ball 2-2: Strikes out swinging
|
Batting: RHB John Christensen
|
0-0: Called Strike 0-1: Ball 1-1: Ball 2-1: Foul Ball, location: 2F 2-2: Foul Ball, location: 2F 2-2: Ball 3-2: Base on Balls
|
Batting: LHB Tom O'Malley
|
0-0: Called Strike 0-1: Swinging Strike 0-2: Ground out 1-3 (Groundball, 34S, EV 65.0 MPH)
|
Top of the 7th over - 0 runs, 0 hits, 0 errors, 1 left on base; Oklahoma City 4 - Tulsa 0 |
BOTTOM OF THE 7TH |
Tulsa Drillers batting - Pitching for Oklahoma City 89ers : RHP Mike Mendoza
|
Batting: SHB Luis Quinones
|
0-0: Ground out 6-3 (Groundball, 6M, EV 98.1 MPH)
|
Batting: RHB Bob Grandas
|
0-0: Ball 1-0: Ball 2-0: Fly out, F7 (Flyball, 7LD, EV 90.6 MPH)
|
Batting: LHB Randy Braun
|
0-0: Hit by Pitch
|
Batting: RHB Bob E Johnson
|
0-0: Called Strike 0-1: Ball 1-1: Swinging Strike 1-2: Foul Ball, location: 2F 1-2: Ball 2-2: Foul Ball, location: 2F 2-2: Ball 3-2: Ground out 6-3 (Groundball, 56, EV 108.1 MPH)
|
Bottom of the 7th over - 0 runs, 0 hits, 0 errors, 1 left on base; Oklahoma City 4 - Tulsa 0 |
TOP OF THE 8TH |
Oklahoma City 89ers batting - Pitching for Tulsa Drillers : RHP Jay Baller
|
Batting: RHB Glenn Braggs
|
0-0: Swinging Strike 0-1: Swinging Strike 0-2: Ball 1-2: Hit by Pitch
|
Batting: RHB Cecil Fielder
|
0-0: Called Strike 0-1: Reached on error, E5 (Groundball, 5, EV 90.6 MPH) Glenn Braggs to second
|
Batting: RHB Nick Esasky
|
0-0: Ball 1-0: Foul Ball, location: 2F 1-1: Called Strike 1-2: Strikes out swinging
|
Batting: RHB Joe Redfield
|
0-0: Ball 1-0: Foul Ball, location: 2F 1-1: Foul Ball, location: 2F 1-2: Foul Ball, location: 2F 1-2: Ball 2-2: SINGLE (Groundball, 34D, EV 100.0 MPH) Glenn Braggs to third Cecil Fielder to second Runner from 3rd tries for Home, SAFE, throw by RF to home
|
Batting: RHB Danny Jasso
|
0-0: Called Strike 0-1: Ball 1-1: Fly out, F8 (Flyball, 78D, EV 91.9 MPH)
|
Batting: RHB Ron Tingley
|
0-0: Swinging Strike 0-1: Ball 1-1: Ball 2-1: Swinging Strike 2-2: Strikes out swinging
|
Top of the 8th over - 1 run, 1 hit, 1 error, 2 left on base; Oklahoma City 5 - Tulsa 0 |
BOTTOM OF THE 8TH |
Tulsa Drillers batting - Pitching for Oklahoma City 89ers : RHP Mike Mendoza
|
Batting: RHB Michael Johnson
|
0-0: Called Strike 0-1: Foul Ball, location: 2F 0-2: Fly out, F4 (Line Drive, 4, EV 63.8 MPH)
|
Batting: RHB Victor Rios
|
0-0: Called Strike 0-1: Ground out 5-3 (Groundball, 56S, EV 87.5 MPH)
|
Batting: RHB Nick Belmonte
|
0-0: Swinging Strike 0-1: Ground out 6-3 (Groundball, 6, EV 96.9 MPH)
|
Bottom of the 8th over - 0 runs, 0 hits, 0 errors, 0 left on base; Oklahoma City 5 - Tulsa 0 |
TOP OF THE 9TH |
Oklahoma City 89ers batting - Pitching for Tulsa Drillers : RHP Jay Baller
|
Pitching: RHP Keith Bonine
|
|
Batting: RHB David Green
|
0-0: Fly out, F6 (Popup, 6MD, EV 51.9 MPH)
|
Batting: RHB John Christensen
|
0-0: Ball 1-0: Fly out, F8 (Flyball, 8LM, EV 89.4 MPH)
|
Batting: LHB Tom O'Malley
|
0-0: Ball 1-0: Called Strike 1-1: Swinging Strike 1-2: Ball 2-2: Strikes out looking
|
Top of the 9th over - 0 runs, 0 hits, 0 errors, 0 left on base; Oklahoma City 5 - Tulsa 0 |
BOTTOM OF THE 9TH |
Tulsa Drillers batting - Pitching for Oklahoma City 89ers : RHP Mike Mendoza
|
Batting: LHB Mike Pagliarulo
|
0-0: Called Strike 0-1: Ball 1-1: Foul Ball, location: 2F 1-2: Foul Ball, location: 2F 1-2: Ball 2-2: Foul Ball, location: 2F 2-2: Fly out, F6 (Popup, 6M, EV 67.5 MPH)
|
Batting: LHB Jim Adduci
|
0-0: Ball 1-0: Ball 2-0: Foul Ball, location: 2F 2-1: Called Strike 2-2: Foul Ball, location: 2F 2-2: SINGLE (Line Drive, 4MD, EV 94.4 MPH)
|
Batting: SHB Luis Quinones
|
0-0: Called Strike 0-1: Fly out, F9 (Flyball, 9S, EV 86.9 MPH)
|
Batting: RHB Bob Grandas
|
0-0: Ball 1-0: Called Strike 1-1: Ground out 4-3 (Groundball, 4D, EV 108.8 MPH)
|
Bottom of the 9th over - 0 runs, 1 hit, 0 errors, 1 left on base; Oklahoma City 5 - Tulsa 0 |
|